 Dungeon Crawl Stone Soup version 0.31-a0-232-gb1c03b2570 (webtiles) character file.

Game seed: 9267158407255879469

23 qw the Shooter (level 3, 0/21 HPs)
             Began as a Gargoyle Hexslinger on July 7, 2023.
             Slain by a quokka (3 damage)
             ... on level 1 of the Dungeon.
             The game lasted 00:00:09 (225 turns).

qw the Shooter (Gargoyle Hexslinger)                 Turns: 225, Time: 00:00:09

Health: 0/21       AC:  5    Str: 11    XL:     3   Next: 0%
Magic:  4/4        EV: 12    Int: 13    God:
Gold:   0          SH:  0    Dex: 14    Spells: 3/4 levels left

rFire   . . .        a - +1 sling
rCold   . . .        (no shield)
rNeg    + . .        c - +0 robe
rPois   inf          (no helmet)
rElec   +            (no cloak)
rCorr   .            (no gloves)
SInv    .            (no boots)
Will    .....        (no amulet)
Stlth   +            (no ring)
HPRegen 0.23/turn    (no ring)
MPRegen 0.09/turn

%: no passive effects
@: no status effects
A: sickness immunity, AC +3, negative energy resistance 1, electricity
resistance, torment resistance 1, petrification resistance
a: no special abilities


You were on level 1 of the Dungeon.
You visited 1 branch of the dungeon, and saw 1 of its levels.


Innate Abilities, Weirdness & Mutations

You are immune to sickness and miasma.
Your stone body is resilient. (AC +3)
You are immune to poison.
You resist negative energy. (rN+)
You are resistant to electric shocks. (rElec)
You are resistant to unholy torment.
You are immune to petrification.


   Skills:
 + Level 1.9 Fighting
 - Level 3.0 Ranged Weapons
 - Level 1.5 Dodging
 - Level 1.0 Spellcasting
 - Level 2.6 Hexes


You had 3 spell levels left.
You knew the following spells:

 Your Spells              Type           Power      Damage    Failure   Level
a - Slow                  Hex            28%        N/A       10%         1

Your spell library contained the following spells:

 Spells                   Type           Power      Damage    Failure   Level
 Inner Flame              Hex/Fire       4%         N/A       43%         3
 Portal Projectile        Hex/Tloc       8%         N/A       43%         3
 Cause Fear               Hex            3%         N/A       67%         4

Inventory:

Hand Weapons
 a - a +1 sling (weapon)
Armour
 c - a +0 robe (worn)
Scrolls
 b - a scroll of poison
 f - a scroll of vulnerability {unknown}
Potions
 d - a potion of curing {unknown}
 e - 2 potions of haste {unknown}

Dungeon Overview and Level Annotations

Branches:
Dungeon (1/15)

Altars:


Message History

The kobold is moderately wounded.
The quokka bites you. The kobold misses you.
The quokka bites you but does no damage.
You shoot a sling bullet. The sling bullet hits the kobold.
You kill the kobold!
The endoplasm freezes you.
You are frozen.
The quokka closely misses you. The endoplasm completely misses you.
You shoot a sling bullet.
The sling bullet barely misses the giant cockroach.
The quokka bites you. The giant cockroach bites you.
The quokka bites you but does no damage.
The giant cockroach closely misses you. The endoplasm closely misses you.
You shoot a sling bullet.
The sling bullet hits the giant cockroach.
You kill the giant cockroach!
The quokka closely misses you.
A goblin comes into view. It is wielding a +0 club.
The endoplasm hits you but does no damage.
The quokka bites you.
You have reached level 3!
Your experience leads to an increase in your attributes!
Increase (S)trength, (I)ntelligence, or (D)exterity?
You feel agile. x2
You shoot a sling bullet. The goblin shouts!
The sling bullet hits the endoplasm.
The endoplasm is almost dead.
The endoplasm freezes you.
You are frozen.
The quokka barely misses you.
You shoot a sling bullet.
The sling bullet hits the endoplasm but does no damage.
The endoplasm is almost dead.
The endoplasm barely misses you. The quokka bites you.
The endoplasm closely misses you. The quokka barely misses you.
You shoot a sling bullet.
The sling bullet hits the endoplasm but does no damage.
The endoplasm is almost dead.
The quokka bites you.
You die...

..............#%..##.
.....................
..###...###..######.# ##
.....#...## ..# ##..
##...#.### #...
...##...>.... ..##
....#.....# ###
###rr...# #########
.##.?J@...# #........
....g......#####.>......
#.......................
#..[.......####.........
#?.........# #.........
#.........## ##........
#.#.####..# #........
#.#. ..## #...%.... #
#.## #........


You could see an endoplasm, 2 quokkas and a goblin.

Vanquished Creatures
  A gnoll (D:1)
  A bat (D:1)
  2 endoplasms (D:1)
  A giant cockroach (D:1)
  A goblin (D:1)
  A hobgoblin (D:1)
  2 kobolds (D:1)
  A ball python (D:1)
  2 frilled lizards (D:1)
  2 rats (D:1)
14 creatures vanquished.

Notes
Turn   | Place    | Note
-------+----------+-------------------------------------------
     0 | D:1      | qw the Gargoyle Hexslinger began the quest for the Orb.
     0 | D:1      | Reached XP level 1. HP: 12/12 MP: 2/2
     0 | D:1      | 0 ||| qw: Version: 0.3-a-46-gb1f654a
     0 | D:1      | 0 ||| qw: Game counter: 2332
     0 | D:1      | 0 ||| qw: Melee chars always use a shield: true
     0 | D:1      | 0 ||| qw: God list: Okawaru
     0 | D:1      | 0 ||| qw: Allow faded altars: false
     0 | D:1      | 0 ||| qw: Do Orc after clearing Dungeon:15 true
     0 | D:1      | 0 ||| qw: Do second Lair branch before Depths: true
     0 | D:1      | 0 ||| qw: Lair rune preference: random
     0 | D:1      | 0 ||| qw: Goals: Normal
     0 | D:1      | 0 ||| PLANNING D:1-11
    34 | D:1      | Reached XP level 2. HP: 12/16 MP: 3/3
    40 | D:1      | 40 ||| FLEEEEING.
    41 | D:1      | 41 ||| FLEEEEING.
    42 | D:1      | 42 ||| FLEEEEING.
    43 | D:1      | 43 ||| FLEEEEING.
    45 | D:1      | 45 ||| FLEEEEING.
    46 | D:1      | 46 ||| FLEEEEING.
    58 | D:1      | Reached skill level 3 in Ranged Weapons
   223 | D:1      | Reached XP level 3. HP: 7/21 MP: 4/4
   223 | D:1      | HP: 5/21 [frozen (3)]
   225 | D:1      | Slain by a quokka

Levels and vault maps discovered:
D:1:      mrwooster_arrival_statue_2, layout_rooms

Skill      XL: |  1  2 |
---------------+-------+-----
Ranged Weapons | 3 |  3.0
Fighting       | |  1.9
Dodging        | |  1.5
Spellcasting   | |  1.0
Hexes          | |  2.6

Action                     || total
---------------------------++-------
   Fire: Sling             ||    42
 Armour: Robe              ||     4
  Dodge: Dodged            ||    18

Table legend:
 A = Non-vault XP
 B = Vault XP
 C = Vault XP percentage of total XP
 D = Non-vault monster count
 E = Vault monster count
 F = Vault count percentage of total count
                 A         B        C        D         E       F
            +---------+---------+-------+---------+---------+-------
      Total |      34 |       0 |   0.0 |      14 |       0 |   0.0
            +---------+---------+-------+---------+---------+-------
        D:1 |      34 |       0 |   0.0 |      14 |       0 |   0.0
            +---------+---------+-------+---------+---------+-------
